 Dungeon Crawl Stone Soup version 0.29.1-2-gbd0b4ee654 (webtiles) character file.

Game seed: 15746435934715542743

35 qeuew the Trooper (level 3, -2/31 HPs)
             Began as a Palentonga Fighter on Nov 15, 2022.
             Slain by a goblin
             ... wielding a +0 dagger
             ... led by Robin
              (5 damage)
             ... on level 2 of the Dungeon.
             The game lasted 00:01:01 (971 turns).

qeuew the Trooper (Palentonga Fighter)               Turns: 971, Time: 00:01:02

Health: -2/31      AC:  6    Str: 21    XL:     3   Next: 17%
Magic:  3/3        EV:  7    Int:  8    God:
Gold:   73         SH:  4    Dex: 11    Spells: 2/2 levels left

rFire   . . .      SeeInvis +   a - +0 war axe
rCold   . . .      Faith    .   c - +0 buckler
rNeg    . . .      Spirit   .   b - +0 scale mail
rPois   .          Reflect  .   (no helmet)
rElec   .          Harm     .   (no cloak)
rCorr   .          Rampage  .   (no gloves)
Will    .....                   (no barding)
Stlth   ..........              (no amulet)
HPRegen 0.10/turn               (no ring)
MPRegen 0.08/turn               (no ring)

@: mighty, lethally poisoned (-2 -> -19)
A: large, rugged brown scales 3, see invisible, deformed body, roll 1, armoured
tail
a: Rolling Charge


You were on level 2 of the Dungeon.
You visited 1 branch of the dungeon, and saw 2 of its levels.

You collected 73 gold pieces.

Inventory:

Hand Weapons
 a - a +0 war axe (weapon)
Armour
 b - a +0 scale mail (worn)
 c - a +0 buckler (worn)
Scrolls
 e - a scroll of teleportation
 h - a scroll of magic mapping


   Skills:
 + Level 3.3 Fighting
 + Level 2.3 Axes
 + Level 2.6 Armour
 + Level 0.7 Dodging
 + Level 3.0 Shields


You had 2 spell levels left.
You didn't know any spells.
Your spell library was empty.

Dungeon Overview and Level Annotations

Branches:
Dungeon (2/15)

Altars:

Shops:
D:2 [

Annotations:
D:2 Robin, Sigmund


Innate Abilities, Weirdness & Mutations

You are completely covered in rugged brown scales. (AC +3, +7% HP)
You have supernaturally acute eyesight. (SInv)
Armour fits poorly on your strangely shaped body.
You can roll at nearby foes to attack.
You have a long armoured tail.


Message History

Sigmund barely misses you.
The hobgoblin hits you but does no damage.
The hobgoblin hits you. x2
You closely miss the hobgoblin.
Your tail-slap misses the hobgoblin.
The hobgoblin is severely wounded.
You closely miss the hobgoblin. Sigmund hits you but does no damage.
The hobgoblin barely misses you.
The hobgoblin hits you but does no damage.
You slash the hobgoblin!
You kill the hobgoblin!
You barely miss the hobgoblin. Sigmund closely misses you.
Your Shields skill increases to level 3!
You hit the hobgoblin.
The hobgoblin is heavily wounded.
You slash the goblin!
You kill the goblin!
Robin roars a battlecry!
The goblins go into a battle-frenzy!
The hobgoblin hits you but does no damage.
Sigmund screams, "Die, monster!"
Sigmund hits you from afar with a +0 scythe of venom.
You are lethally poisoned!
The hobgoblin barely misses you. The rat barely misses you.
The goblin hits you but does no damage.
You barely miss the hobgoblin.
The hobgoblin is heavily wounded.
You slash the goblin!
You kill the goblin!
You hit the rat.
You kill the rat!
* * * LOW HITPOINT WARNING * * *
You feel very sick. Sigmund hits you but does no damage.
You are more poisoned.
You block the hobgoblin's attack.
You feel very mighty all of a sudden.
* * * LOW HITPOINT WARNING * * *
You feel very sick. The goblin hits you with a +0 dagger.
You die...

. .# .. ..♣ ♣♣♣ ## .
♣. ..♣♣♣.# $.# .. ..
#####....# .. ...
#♣.♣.♣........##.#....
+.<...........#.....∩.
#....##<##....#g......
... #.####..@g...... #
#.# ####g@..... #.#


gg..... #.. g...... ... ....... ... ....... #... ....... ....... You could see
Sigmund (invisible), Robin, 2 hobgoblins and 3 goblins.

Vanquished Creatures
  A dart slug (D:1)
  2 bats (D:1)
  4 endoplasms (D:1)
  3 hobgoblins
  3 jackals (D:1)
  A quokka (D:1)
  4 ball pythons
  2 frilled lizards (D:1)
  5 goblins
  6 rats
31 creatures vanquished.

Vanquished Creatures (others)
  5 plants (D:1)
5 creatures vanquished.

Grand Total: 36 creatures vanquished

Notes
Turn   | Place    | Note
-------+----------+-------------------------------------------
     0 | D:1      | qeuew the Palentonga Fighter began the quest for the Orb.
     0 | D:1      | Reached XP level 1. HP: 19/19 MP: 1/1
   147 | D:1      | Reached XP level 2. HP: 19/25 MP: 2/2
   962 | D:2      | Found Woufiwid's Armour Boutique.
   962 | D:2      | Noticed Robin
   962 | D:2      | Noticed Sigmund
   966 | D:2      | Reached XP level 3. HP: 20/31 MP: 3/3
   971 | D:2      | Slain by a goblin

Illustrated notes

Levels and vault maps discovered:
D:1:      minmay_arrival_checkered_box, layout_basic, fountainhead,
          serial_bayou_lake_a
D:2:      layout_basic, shapermc_ecumenical_altar_mp_ritualfount, serial_shops,
          shop, serial_forest, infiniplex_forest_lined_room_2,
          infiniplex_forest_lined_3, infiniplex_forest_end_3,
          infiniplex_forest_straight_3, infiniplex_forest_clump_double,
          uniq_robin, uniq_sigmund

Skill      XL: |  1  2  3 |
---------------+----------+-----
Shields        | 3 |  3.0
Fighting       | |  3.3
Axes           | |  2.3
Armour         | |  2.6
Dodging        | |  0.7

Action                   || total
-------------------------++-------
Melee: War axe           ||    45
       Tailslap          ||     3
 Abil: Rolling Charge    ||    12
  Use: Scroll            ||     5
       Potion            ||     2
Armor: Scale mail        ||    30
Dodge: Dodged            ||    18
Block: Buckler           ||    10
